 Dungeon Crawl Stone Soup version 0.26-a0-690-gcb57259078 (webtiles) character file.

Game seed: 13650385324795011058

234 marklar909 the Digger (level 6, 0/41 HPs)
             Began as a Formicid Earth Elementalist on Oct 23, 2020.
             Slain by a goblin
             ... wielding a +0 dagger
             ... led by Robin
              (7 damage)
             ... on level 3 of the Dungeon.
             The game lasted 00:04:57 (3209 turns).

marklar909 the Digger (Formicid Earth Elementalist) Turns: 3209, Time: 00:04:58

Health: 0/41       AC:  2    Str: 13    XL:     6   Next: 26%
Magic:  8/12       EV: 12    Int: 16    God:
Gold:   115        SH:  0    Dex: 11    Spells: 12/13 levels left

rFire    . . .     SeeInvis +   (no weapon)
rCold    . . .     Faith    .   (no shield)
rNeg     . . .     Spirit   .   c - +0 robe
rPois    .         Reflect  .   (helmet unavailable)
rElec    .         Harm     .   (no cloak)
rCorr    .         Rampage  .   (no gloves)
MR       .....                  (no boots)
Stlth    ++........             (no amulet)
HPRegen  0.13/turn              (no ring)
MPRegen  0.13/turn              (no ring)

@: no status effects
A: permanent stasis, dig shafts and tunnels, four strong arms, antennae 3
a: Dig, Shaft Self


You were on level 3 of the Dungeon.
You visited 1 branch of the dungeon, and saw 3 of its levels.

You collected 115 gold pieces.

Inventory:

Missiles
 b - 28 stones (quivered)
Armour
 c - a +0 robe (worn)
Jewellery
 a - an uncursed ring of protection from fire {unknown}
Wands
 p - a wand of iceblast (10)
Scrolls
 d - a scroll of enchant weapon {unknown}
 h - a scroll of fear {unknown}
 i - 2 scrolls of blinking {unknown}
 j - 2 scrolls of teleportation {unknown}
 l - 3 scrolls of identify {unknown}
 n - a scroll of magic mapping {unknown}
 q - a scroll of fog {unknown}
Potions
 e - 2 potions of haste {unknown}
 f - 6 potions of curing {unknown}
 g - 2 potions of degeneration {unknown}
 k - a potion of heal wounds {unknown}
 m - 3 potions of might {unknown}
 o - a potion of cancellation {unknown}
 r - a potion of flight {unknown}


   Skills:
 + Level 2.3 Dodging
 + Level 2.8 Stealth
 + Level 0.3 Unarmed Combat
 + Level 4.0 Spellcasting
   Level 1.1 Transmutations
 + Level 6.0 Earth Magic


You had 12 spell levels left.
You knew the following spells:

 Your Spells              Type           Power        Failure   Level
a - Sandblast             Erth           ###...       1%          1

Your spell library contained the following spells:

 Spells                   Type           Power        Failure   Level
 Passwall                 Tmut/Erth      ##......     6%          2
 Stone Arrow              Conj/Erth      ##....       14%         3
 Petrify                  Tmut/Erth      ##......     36%         4
 Lee's Rapid Deconstruct  Erth           ###.......   36%         5


Dungeon Overview and Level Annotations

Branches:
Dungeon (3/15)

Altars:
Hepliaklqana

Annotations:
D:3 1 runed translucent door, Crazy Yiuf, Robin


Innate Abilities, Weirdness & Mutations

You cannot be hasted, slowed, berserked, paralysed or teleported.
You can dig through walls and to a lower floor.
Your four strong arms can wield two-handed weapons with a shield.
You have a pair of large antennae on your head. (SInv)


Message History

Press: ? - help, Shift-Dir - straight line, f - goblin
Aim: a goblin (strong)
The blast of sand hits the goblin!
You kill the goblin!
b - 29 stones The goblin hits you with a +0 dagger.
The hobgoblin hits you with a +0 club!
* * * LOW HITPOINT WARNING * * *
The goblin barely misses you. The goblin closely misses you.
Unknown command.
Casting: Sandblast (safe; 1% risk of failure)
Confirm with . or Enter, or press ? or * to list all spells.
Press: ? - help, Shift-Dir - straight line, f - goblin
Aim: a goblin, wielding a +0 club (strong)
The blast of sand hits the goblin!
You kill the goblin!
b - 28 stones The goblin barely misses you.
Robin says, "Duck!"
The goblin hits you with a +0 dagger!
You die...

########## #........#
#.######.###
############g#####....#######
...........gg@)............>#
............gg#######..####.#
..........?..g# #..#....#
g.........!...# #..#.##.##
.....))...?...... #..#.#....
............#+### #...<#....
##########..... #..####...
#### #...... #......... ...#
#...... ##.####...


You could see Robin, 2 hobgoblins and 3 goblins.

Vanquished Creatures
  A hound (D:3)
  Jessica (D:3)
  Terence (D:3)
  9 adders
  An ooze (D:2)
  5 worms
  A dart slug (D:1)
  An orc (D:3)
  5 bats
  2 giant cockroaches
  10 goblins
  5 hobgoblins
  A quokka (D:2)
  A ball python (D:2)
  7 frilled lizards
  5 kobolds
  A rat (D:3)
57 creatures vanquished.

Notes
Turn   | Place    | Note
-------+----------+-------------------------------------------
     0 | D:1      | marklar909 the Formicid Earth Elementalist began the quest
                  | for the Orb.
     0 | D:1      | Reached XP level 1. HP: 13/13 MP: 3/3
   220 | D:1      | Reached XP level 2. HP: 19/19 MP: 1/5
   223 | D:1      | Reached skill level 4 in Earth Magic
  1031 | D:2      | Reached XP level 3. HP: 24/24 MP: 2/6
  1512 | D:2      | Found a hazy altar of Hepliaklqana.
  1718 | D:2      | Reached XP level 4. HP: 28/30 MP: 2/8
  2157 | D:3      | Noticed Jessica
  2165 | D:3      | Killed Jessica
  2165 | D:3      | Reached skill level 5 in Earth Magic
  2165 | D:3      | Reached XP level 5. HP: 35/35 MP: 4/9
  2276 | D:3      | Found a runed translucent door.
  2277 | D:3      | Noticed Crazy Yiuf
  2487 | D:3      | Reached XP level 6. HP: 24/41 MP: 8/11
  2755 | D:3      | Noticed Terence
  2821 | D:3      | Killed Terence
  2821 | D:3      | Reached skill level 6 in Earth Magic
  3194 | D:3      | Noticed Robin
  3209 | D:3      | Slain by a goblin

Illustrated notes

Levels and vault maps discovered:
D:1:      dpeg_arrival_brainrot, layout_loops_cross, hangedman_decor_points,
          fountainhead, hangedman_decor_clover_reticule
D:2:      layout_basic, marbit_many_paths
D:3:      layout_basic, uniq_terence, uniq_jessica, uniq_robin,
          uniq_crazy_yiuf_cottage

Skill      XL: |  1  2  3  4  5  6 |
---------------+-------------------+-----
Earth Magic    | 4 5 6 |  6.0
Dodging        | 2 |  2.3
Spellcasting   | 3 4 |  4.0
Stealth        | |  2.8
Unarmed Combat | |  0.3
Transmutations | |  1.1

Action                   |  1- 3 |  4- 6 || total
-------------------------+-------+-------++-------
Melee: Unarmed           |    10 |     2 ||    12
 Cast: Sandblast         |    54 |    54 ||   108
Armor: Robe              |     5 |     3 ||     8
Dodge: Dodged            |    25 |    27 ||    52

Table legend: (Time is in decaauts)
 A = Elapsed time spent in this place.
 B = Non-inter-level travel time spent in this place.
 C = Inter-level travel time spent in this place.
 D = Time resting spent in this place.
 E = Time spent auto-exploring this place.
 F = Levels seen in this place.
 G = Mean time per level.
                   A        B        C        D        E       F      G
               +--------+--------+--------+--------+--------+-----+--------+
         Total |   3209 |   3169 |     40 |    487 |   2313 |   3 | 1069.7 |
       Dungeon |   3209 |   3169 |     40 |    487 |   2313 |   3 | 1069.7 |
               +--------+--------+--------+--------+--------+-----+--------+

Top non-repeatable levels by time:
     D:1: 1167 daAuts
     D:3: 1053 daAuts
     D:2: 988 daAuts
